 Dungeon Crawl Stone Soup version 0.28.0-47-ge53b351184 (webtiles) character file.

Game seed: 17174805585617710498

100826 101zpm the Thaumaturge (level 16, 0/124 HPs)
             Began as a Gnoll Air Elementalist on Apr 24, 2022.
             Killed from afar by an air elemental (7 damage)
             ... with a stunning burst
             ... while paralysed by an air elemental
             ... on level 1 of the Elven Halls on Apr 25, 2022.
             The game lasted 03:15:09 (54785 turns).

101zpm the Thaumaturge (Gnoll Air Elementalist)    Turns: 54785, Time: 03:15:10

Health: 0/124      AC: 13    Str: 11    XL:     16   Next: 28%
Magic:  3/31       EV:  2    Int: 30    God:
Gold:   1613       SH:  0    Dex: 13    Spells: 0/38 levels left

rFire   + . .      SeeInvis .   W - +2 hand axe of Montiger {freeze, Str+2 Int+3}
rCold   + . .      Faith    .   U - +1 buckler {rF+}
rNeg    . . .      Spirit   .   p - +2 robe {rF+}
rPois   .          Reflect  .   E - +1 hat
rElec   .          Harm     .   T - +2 cloak
rCorr   +          Rampage  .   x - +0 pair of gloves
Will    +....                   e - +1 pair of boots
Stlth   +++++.....              a - amulet of magic regeneration
HPRegen 0.30/turn               L - +6 ring of intelligence
MPRegen 0.62/turn               Q - ring "Muenoag" {Ice rCorr}

@: paralysed, studying Translocations
A: fangs 1, strong nose, distributed training
a: no special abilities


You were on level 1 of the Elven Halls.
You visited 7 branches of the dungeon, and saw 27 of its levels.

You collected 2171 gold pieces.
You spent 558 gold pieces at shops.

Inventory:

Hand Weapons
 v - the +12 dagger "Killer Klown's Bane" {vorpal, rC+}
   (You found it on level 5 of the Dungeon)

   It inflicts extra damage upon your enemies.
   rC:        It protects you from cold.
 W - the +2 hand axe of Montiger (weapon) {freeze, Str+2 Int+3}
   (You found it on level 4 of the Lair of Beasts)

   It freezes those it strikes, dealing additional cold damage.
   It can also slow down cold-blooded creatures.
   Str:       It affects your strength (+2).
   Int:       It affects your intelligence (+3).
Missiles
 d - 695 stones
 n - a throwing net
Armour
 e - a +1 pair of boots (worn)
 p - a +2 robe of fire resistance (worn)
 x - a +0 pair of gloves (worn)
 E - a +1 hat (worn)
 T - a +2 cloak (worn)
 U - a +1 buckler of fire resistance (worn)
Magical Staves
 h - a staff of cold
Jewellery
 a - an amulet of magic regeneration (around neck)
 l - an amulet of regeneration
 q - a ring of see invisible
 w - a ring of willpower
 F - a ring of wizardry
 G - an amulet of reflection
 L - a +6 ring of intelligence (left hand)
 O - a ring of protection from fire
 Q - the ring "Muenoag" (right hand) {Ice rCorr}
   (You took it off an orc on level 11 of the Dungeon)

   [ring of ice]

   It enhances your ice magic.
   rF:        It makes you vulnerable to fire.
   rC:        It protects you from cold.
   rCorr:     It protects you from acid and corrosion.
Wands
 c - a wand of digging (2)
 g - a wand of iceblast (18)
 t - a wand of acid (8)
 D - a wand of flame (42)
 J - a wand of charming (5)
 P - a wand of paralysis (14)
 R - a wand of mindburst (8)
 Z - a wand of polymorph (2)
Scrolls
 i - 2 scrolls of fear
 j - 12 scrolls of teleportation
 k - 2 scrolls of silence
 r - 2 scrolls of blinking
 u - 6 scrolls of fog
 y - 3 scrolls of amnesia
 B - a scroll of enchant weapon {unknown}
 C - a scroll of torment {unknown}
 N - 5 scrolls of magic mapping
 S - a scroll of enchant armour {unknown}
 Y - 3 scrolls of holy word
Potions
 b - 8 potions of curing
 f - a potion of cancellation {unknown}
 m - 2 potions of flight
 s - 5 potions of haste
 z - a potion of magic {unknown}
 A - 5 potions of brilliance
 H - 2 potions of invisibility {unknown}
 I - 2 potions of berserk rage {unknown}
 K - 2 potions of lignification {unknown}
 M - 3 potions of might {unknown}
 V - 2 potions of attraction {unknown}
 X - a potion of ambrosia {unknown}


   Skills:
 + Level 10.8 Fighting
 + Level 10.8 Short Blades
 + Level 10.8 Long Blades
 + Level 10.8 Axes
 + Level 10.8 Maces & Flails
 + Level 10.8 Polearms
 + Level 10.8 Staves
 + Level 10.8 Slings
 + Level 10.8 Bows
 + Level 10.8 Crossbows
 + Level 10.8 Throwing
 + Level 10.8 Armour
 + Level 11.7 Dodging
 + Level 11.5 Stealth
 + Level 10.8 Shields
 + Level 10.8 Unarmed Combat
 + Level 11.8 Spellcasting
 + Level 9.3 Conjurations
 + Level 9.1 Hexes
 + Level 9.1 Summonings
 + Level 9.1 Necromancy
 + Level 9.4 Translocations
 + Level 9.1 Transmutations
 + Level 9.1 Fire Magic
 + Level 9.1 Ice Magic
 + Level 10.6 Air Magic
 + Level 9.1 Earth Magic
 + Level 9.1 Poison Magic
 + Level 11.7 Invocations
 + Level 10.8 Evocations


You couldn't memorise any spells.
You knew the following spells:

 Your Spells              Type           Power      Damage    Failure   Level
a - Shock                 Conj/Air       100%       1d9       1%          1
b - Static Discharge      Conj/Air       67%        N/A       1%          2
c - Swiftness             Air            69%        N/A       1%          3
d - Airstrike             Air            34%        N/A       1%          4
e - Frozen Ramparts       Ice            100%       1d12      1%          3
f - Summon Ice Beast      Ice/Summ       83%        N/A       1%          4
g - Lee's Rapid Deconstr  Erth           32%        3d17*     2%          5
h - Hailstorm             Conj/Ice       83%        3d17      1%          4
i - Sticky Flame          Conj/Fire      65%        2d8       1%          4
j - Slow                  Hex            100%       N/A       1%          1
k - Ensorcelled Hibernat  Hex/Ice        100%       N/A       1%          2
l - Freezing Cloud        Conj/Ice/Air   42%        6-21      1%          5

Your spell library contained the following spells:

 Spells                   Type           Power      Damage    Failure   Level
 Beastly Appendage        Tmut           100%       N/A       1%          1
 Sandblast                Erth           100%       2d20      1%          1
 Blink                    Tloc           100%       N/A       1%          2
 Corpse Rot               Necr/Air       100%       N/A       1%          2
 Passwall                 Tmut/Erth      53%        N/A       1%          2
 Wereblood                Tmut           64%        N/A       1%          2
 Confusing Touch          Hex            64%        N/A       1%          3
 Conjure Flame            Conj/Fire      65%        6-21      1%          3
 Gell's Gravitas          Tloc           65%        N/A       1%          3
 Ignite Poison            Fire/Tmut/Pois 64%        N/A       1%          3
 Spider Form              Tmut/Pois      64%        N/A       1%          3
 Teleport Other           Tloc           65%        N/A       1%          3
 Vampiric Draining        Necr           64%        2d10      1%          3
 Dispel Undead            Necr           64%        3d22      1%          4
 Ice Form                 Ice/Tmut       83%        N/A       1%          4
 Passage of Golubria      Tloc           65%        N/A       1%          4
 Manifold Assault         Tloc           65%        N/A       1%          5
 Silence                  Hex/Air        33%        N/A       1%          5
 Yara's Violent Unravell  Hex/Tmut       32%        3d13      2%          5
 Dispersal                Tloc           32%        N/A       11%         6
 Death Channel            Necr           32%        N/A       13%         6
 Storm Form               Tmut/Air       33%        N/A       45%         7
 Enfeeble                 Hex            32%        N/A       56%         7
 Lehudib's Crystal Spear  Conj/Erth      32%        10d8      99%         8
 Shatter                  Erth           32%        3d26*     100%        9


Dungeon Overview and Level Annotations

Branches:
Dungeon (15/15)            Temple (1/1) D:4            Lair (6/6) D:8
  Swamp (1/4) Lair:2        Snake (0/4) Lair:3        Slime (1/5) Lair:6
    Orc (2/2) D:10            Elf (1/3) Orc:2        Vaults (0/5) D:14
 Depths (0/4) D:15

Altars:
Ashenzari
Cheibriados
Dithmenos
Elyvilon
Fedhas
Gozag
Hepliaklqana
Kikubaaqudgha
Makhleb
Nemelex Xobeh
Okawaru
Qazlal
Ru
Sif Muna
Trog
Uskayaw
Vehumet
Wu Jian
Xom
Yredelemnul
Zin
The Shining One
Jiyva
Lugonu

Shops:
D:6 *   D:7 ?   D:10 [   D:12 =   Orc:2 (:[*

Portals:
Abyss: D:15
Trove: D:13 (give +5 fire dragon scales)

Annotations:
D:4 Natasha
D:15 Roxanne
Lair:2 3 runed translucent doors, Flure's ghost, journeyman HuNe


Innate Abilities, Weirdness & Mutations

You have very sharp teeth.
Your uncanny sense of smell can sniff out nearby items.
Your experience applies equally to all skills.


Message History

The fire elemental hits you. The fire elemental burns you! You resist.
* * * LOW HITPOINT WARNING * * *
The deep elf pyromancer casts a spell.
You can move again.
Casting: Shock (safe; 1% risk of failure)
Confirm with . or Enter, or press ? or * to list all spells.
Aiming: Airstrike (safe; 1% risk of failure)
Press: ? - help, Dir - move target, f/p - deep elf zephyrmancer
Aim: a deep elf zephyrmancer, wielding a +0 rapier (almost dead, fleeing, empty space bonus: 8/8)
The air twists around and strikes the deep elf zephyrmancer!!
You kill the deep elf zephyrmancer!
The fire elemental disappears in a puff of smoke!
The air elemental hits you but does no damage. x2
The fire elemental barely misses you.
The deep elf pyromancer mumbles some strange words.
The deep elf pyromancer blinks!
The air elemental hits you but does no damage.
You block the fire elemental's attack.
Casting: Airstrike (safe; 1% risk of failure)
Confirm with . or Enter, or press ? or * to list all spells.
Aiming: Airstrike (safe; 1% risk of failure)
Press: ? - help, Dir - move target, f - deep elf pyromancer
Aim: a deep elf pyromancer, wielding a +0 long sword and wearing a +0 leather armour (almost dead, fleeing, empty space bonus: 4/8)
The air twists around and strikes the deep elf pyromancer!
You kill the deep elf pyromancer!
The fire elemental disappears in a puff of smoke! x3
The air elemental misses you. You block the air elemental's attack.
The fire elemental misses you.
The air elemental fires a burst of electricity at you.
The stunning burst hits you!
You suddenly lose the ability to move!
* * * LOW HITPOINT WARNING * * *
You can move again.
The air elemental fires a burst of electricity at you.
The stunning burst misses you. You block the air elemental's attack.
The air elemental hits you.
* * * LOW HITPOINT WARNING * * *
The air elemental hits you but does no damage.
The air elemental fires a burst of electricity at you.
The stunning burst hits you!
You suddenly lose the ability to move!
You die...

##### ##...## #####
#.....##
##...########.....'.
#.....'.....'.....##
+.....########...'##
#.....# ##'##.#
##...'## #.###.
##@##.## #.# ##
#E###.## #.# # #E#
##.## #.# #☼# ##.##
#.# ##○##
##.####'###
#.##..°## ##.#.....#
#☼).)..## ##).....##
##§).....##
#.......#
..e..)......#
##.......#


You could see a fire elemental and an air elemental.

Vanquished Creatures
  Jorgrun (D:12)
  2 tentacled starspawn (D:15)
  Kirke (Lair:6)
  Gastronok (D:9)
  A deep elf sorcerer (Elf:1)
  A stone giant (D:15)
  A deep elf demonologist (Elf:1)
  Harold (D:8)
  A fire dragon (D:14)
  8 hydras
  2 boulder beetles
  2 catoblepae
  3 centaur warriors
  2 death yaks
  4 dancing weapons
  4 two-headed ogres
  3 tengu warriors
  A deep troll shaman (Lair:6)
  2 orc high priests (Orc:2)
  The ghost of duchin the Cleaver, a novice DrBe of Trog (D:8)
  Sonja (Orc:1)
  3 skeletal warriors
  A goliath frog (Swamp:1)
  A death drake (shapeshifter) (D:14)
  4 wizards
  2 deep elf archers (D:13)
  14 deep elf pyromancers
  3 orc sorcerers (Orc:2)
  An ugly thing (D:11)
  8 deep elf zephyrmancers
  4 cyclopes
  3 manticores
  4 orc knights
  17 elephants
  6 black mambas
  Joseph (D:9)
  A gargoyle (D:12)
  5 torpor snails (Lair:2)
  Maurice (D:12)
  8 cane toads
  4 unseen horrors
  5 komodo dragons
  2 rime drakes
  A komodo dragon (shapeshifter) (D:14)
  An efreet (D:11)
  4 kobold demonologists
  A tengu conjurer (D:15)
  A freezing wraith (D:11)
  4 polar bears
  8 trolls
  A hornet (D:7)
  Prince Ribbit (D:9)
  4 slime creatures
  Grinder (D:3)
  16 blink frogs
  2 meliai zombies (D:11)
  A centaur simulacrum (D:14)
  A water elemental (Elf:1)
  A shadow (D:11)
  2 wyverns
  26 yaks
  A vampire (D:12)
  3 wraiths
  5 hogs (Lair:6)
  Menkaure (D:5)
  6 basilisks
  14 vampire mosquitoes
  9 wargs
  An acid dragon (D:10)
  22 water moccasins
  A swamp drake (Lair:2)
  22 orc warriors
  3 sky beasts
  An ice beast (D:7)
  2 black bears
  3 ogres
  12 wolves
  4 centaurs
  Blork the orc (D:6)
  6 kobold brigands
  9 bullfrogs
  A wyvern zombie (D:8)
  2 scorpions
  A water moccasin zombie (D:5)
  3 killer bees (D:8)
  9 wights
  4 howler monkeys
  2 electric eels (Orc:1)
  A bullfrog zombie (D:7)
  9 centaur zombies
  A crimson imp (D:8)
  6 starcursed masses (D:15)
  2 hounds
  2 jellies
  A gnoll shaman (D:6)
  6 orc priests
  A bullfrog skeleton (D:5)
  Natasha (twice) (D:4)
  12 orc wizards
  2 iguanas
  A hound zombie (D:5)
  A howler monkey skeleton (D:4)
  9 adders
  6 gnolls
  3 white imps
  2 ufetubi
  A worm (D:2)
  2 dart slugs
  45 orcs
  5 ball pythons
  8 endoplasms
  2 giant cockroaches (D:2)
  7 goblins
  4 hobgoblins
  A quokka (D:2)
  4 bats
  A frilled lizard (D:2)
  6 kobolds
  3 rats
521 creatures vanquished.

Vanquished Creatures (collateral kills)
  A dire elephant (Lair:6)
  2 boulder beetles
  3 death yaks
  A tengu warrior (D:15)
  A wizard (D:15)
  2 manticores
  An elephant (D:8)
  A black mamba (Lair:3)
  3 slime creatures (D:12)
  A water moccasin (Lair:3)
  An orc warrior (Orc:1)
  A howler monkey (D:12)
  A starspawn tentacle (D:15)
19 creatures vanquished.

Vanquished Creatures (others)
  A swamp worm (Swamp:1)
  A bush (Lair:6)
  66 fungi
  53 plants
  19 starspawn tentacles (D:15)
140 creatures vanquished.

Grand Total: 680 creatures vanquished

Notes
Turn   | Place    | Note
-------+----------+-------------------------------------------
     0 | D:1      | 101zpm the Gnoll Air Elementalist began the quest for the
                  | Orb.
     0 | D:1      | Reached XP level 1. HP: 13/13 MP: 6/6
   220 | D:2      | Reached XP level 2. HP: 20/20 MP: 2/7
   524 | D:2      | Identified the +7 hunting sling of No Interval {flame,
                  | rElec rC+}
   910 | D:3      | Noticed Grinder
   915 | D:3      | Killed Grinder
   916 | D:3      | Reached skill level 1 in Fighting
   916 | D:3      | Reached skill level 1 in Short Blades
   916 | D:3      | Reached skill level 1 in Long Blades
   916 | D:3      | Reached skill level 1 in Axes
   916 | D:3      | Reached skill level 1 in Maces & Flails
   916 | D:3      | Reached skill level 1 in Polearms
   916 | D:3      | Reached skill level 1 in Staves
   916 | D:3      | Reached skill level 1 in Slings
   916 | D:3      | Reached skill level 1 in Bows
   916 | D:3      | Reached skill level 1 in Crossbows
   916 | D:3      | Reached skill level 1 in Throwing
   916 | D:3      | Reached skill level 1 in Armour
   916 | D:3      | Reached skill level 1 in Shields
   916 | D:3      | Reached skill level 1 in Unarmed Combat
   916 | D:3      | Reached skill level 5 in Spellcasting
   916 | D:3      | Reached skill level 1 in Hexes
   916 | D:3      | Reached skill level 1 in Summonings
   916 | D:3      | Reached skill level 1 in Necromancy
   916 | D:3      | Reached skill level 1 in Translocations
   916 | D:3      | Reached skill level 1 in Transmutations
   916 | D:3      | Reached skill level 1 in Fire Magic
   916 | D:3      | Reached skill level 1 in Ice Magic
   916 | D:3      | Reached skill level 1 in Earth Magic
   916 | D:3      | Reached skill level 1 in Poison Magic
   916 | D:3      | Reached skill level 1 in Invocations
   916 | D:3      | Reached skill level 1 in Evocations
   916 | D:3      | Reached XP level 3. HP: 27/27 MP: 7/9
   916 | D:3      | Reached XP level 4. HP: 33/33 MP: 8/11
   916 | D:3      | Reached XP level 5. HP: 38/38 MP: 8/12
  1105 | D:3      | Reached XP level 6. HP: 44/44 MP: 13/13
  1386 | D:3      | Reached skill level 5 in Dodging
  2455 | D:4      | Found a staircase to the Ecumenical Temple.
  2588 | D:4      | Reached XP level 7. HP: 50/50 MP: 15/15
  2830 | D:4      | Noticed Natasha
  2832 | D:4      | Killed Natasha
  2930 | D:4      | Reached skill level 5 in Stealth
  3261 | Temple   | Entered the Ecumenical Temple
  3565 | D:5      | Entered Level 5 of the Dungeon
  3690 | D:5      | Reached XP level 8. HP: 57/57 MP: 16/16
  3975 | D:5      | Noticed Menkaure
  3979 | D:5      | Killed Menkaure
  4417 | D:5      | Identified the +12 dagger "Killer Klown's Bane" {vorpal,
                  | rC+}
  4523 | D:6      | Noticed Blork the orc
  4531 | D:6      | Killed Blork the orc
  4597 | D:6      | Found Puvetusun's Elemental Accessories.
  4837 | D:6      | Reached XP level 9. HP: 65/65 MP: 18/18
  5221 | D:7      | Found Meirphub's Magic Scroll Shop.
  5687 | D:7      | Noticed a hornet
  5739 | D:8      | Found a runed translucent gate.
  5815 | D:8      | Noticed Harold
  5820 | D:8      | Learned a level 2 spell: Static Discharge
  5824 | D:8      | Learned a level 3 spell: Swiftness
  5829 | D:8      | Learned a level 4 spell: Airstrike
  5865 | D:7      | Killed a hornet
  5866 | D:7      | Reached skill level 5 in Invocations
  6140 | D:4      | Noticed Natasha
  6143 | D:4      | Killed Natasha
  6255 | D:4      | Noticed Natasha
  6461 | D:8      | Killed Harold
  6462 | D:8      | Reached XP level 10. HP: 48/73 MP: 1/20
  6573 | D:8      | Reached skill level 5 in Fighting
  6573 | D:8      | Reached skill level 5 in Short Blades
  6573 | D:8      | Reached skill level 5 in Long Blades
  6573 | D:8      | Reached skill level 5 in Axes
  6573 | D:8      | Reached skill level 5 in Maces & Flails
  6573 | D:8      | Reached skill level 5 in Polearms
  6573 | D:8      | Reached skill level 5 in Staves
  6573 | D:8      | Reached skill level 5 in Slings
  6573 | D:8      | Reached skill level 5 in Bows
  6573 | D:8      | Reached skill level 5 in Crossbows
  6573 | D:8      | Reached skill level 5 in Throwing
  6573 | D:8      | Reached skill level 5 in Armour
  6573 | D:8      | Reached skill level 5 in Shields
  6573 | D:8      | Reached skill level 5 in Unarmed Combat
  6573 | D:8      | Reached skill level 5 in Evocations
  6896 | D:8      | Found a staircase to the Lair.
  6910 | D:8      | Found a runed translucent gate.
  6910 | D:8      | Found a runed translucent gate.
  6910 | D:8      | Noticed duchin's ghost (novice DrBe)
  7328 | Lair:1   | Entered Level 1 of the Lair of Beasts
  7991 | D:9      | Noticed a two-headed ogre
  8000 | D:9      | Killed a two-headed ogre
  8121 | D:10     | Entered Level 10 of the Dungeon
  8429 | D:10     | Identified the +2 ring mail "Haothem" {*Corrode MP+9 Str+3}
  8561 | D:10     | Found a staircase to the Orcish Mines.
  9007 | D:10     | Reached skill level 5 in Conjurations
  9794 | D:10     | Found Omowkimm's Superior Scales.
 10379 | D:9      | Noticed Joseph
 10384 | D:9      | Killed Joseph
 10747 | D:9      | Found a radiant altar of Vehumet.
 10804 | D:9      | Reached XP level 11. HP: 81/81 MP: 13/22
 10894 | D:9      | Noticed Gastronok
 11065 | D:9      | Noticed Prince Ribbit
 11070 | D:9      | Killed Prince Ribbit
 11596 | D:11     | Noticed a brown ugly thing
 11614 | Orc:1    | Entered Level 1 of the Orcish Mines
 11917 | Orc:2    | Entered Level 2 of the Orcish Mines
 11917 | Orc:2    | Found a staircase to the Elven Halls.
 12635 | Orc:2    | Noticed an orc sorcerer
 12642 | Orc:2    | Killed an orc sorcerer
 12971 | Orc:2    | Noticed an orc sorcerer
 12982 | Orc:2    | Reached skill level 5 in Hexes
 12982 | Orc:2    | Reached skill level 5 in Summonings
 12982 | Orc:2    | Reached skill level 5 in Necromancy
 12982 | Orc:2    | Reached skill level 5 in Translocations
 12982 | Orc:2    | Reached skill level 5 in Transmutations
 12982 | Orc:2    | Reached skill level 5 in Fire Magic
 12982 | Orc:2    | Reached skill level 5 in Ice Magic
 12982 | Orc:2    | Reached skill level 5 in Earth Magic
 12982 | Orc:2    | Reached skill level 5 in Poison Magic
 13486 | Orc:2    | Killed an orc sorcerer
 13522 | Orc:2    | Noticed an orc warlord
 13527 | Orc:2    | Noticed an orc knight
 13709 | D:9      | Killed Gastronok
 14735 | D:11     | Noticed a two-headed ogre
 14921 | D:11     | Noticed a two-headed ogre
 14926 | D:11     | Killed a two-headed ogre
 14968 | D:11     | Noticed a catoblepas
 15111 | D:11     | Noticed a deep elf pyromancer
 15390 | D:11     | Identified the ring "Muenoag" {Ice rCorr}
 15625 | D:11     | Identified the +10 arbalest "Ipneud" {elec, Str+7}
 15762 | D:11     | Killed a two-headed ogre
 16092 | D:11     | Noticed a cyclops
 16159 | D:11     | Killed a cyclops
 16160 | D:11     | Reached XP level 12. HP: 89/89 MP: 7/24
 16823 | D:7      | Bought a scroll of identify for 30 gold pieces
 16823 | D:7      | Bought a scroll of identify for 30 gold pieces
 16823 | D:7      | Bought a scroll of identify for 30 gold pieces
 17618 | Lair:1   | Noticed a four-headed hydra
 18481 | D:11     | Noticed a two-headed ogre
 18506 | D:11     | Killed a two-headed ogre
 18815 | D:11     | Noticed a boulder beetle
 19038 | D:11     | Noticed a boulder beetle
 19228 | D:11     | Learned a level 3 spell: Frozen Ramparts
 19233 | D:11     | Learned a level 4 spell: Summon Ice Beast
 19610 | D:11     | Noticed a centaur warrior
 19626 | D:11     | Killed a centaur warrior
 19805 | D:11     | Found a shimmering altar of Xom.
 22811 | D:12     | Noticed a boulder beetle
 23289 | D:13     | Noticed Maurice
 23551 | D:12     | Found Cuekeeps's Jewellery Shoppe.
 23579 | D:12     | Noticed Jorgrun
 23607 | D:12     | Killed Jorgrun
 23608 | D:12     | Reached XP level 13. HP: 93/98 MP: 2/26
 25400 | D:6      | Bought the Reference Book on Earth for 432 gold pieces
 25406 | D:6      | Learned a level 5 spell: Lee's Rapid Deconstruction
 27681 | Lair:2   | Reached skill level 10 in Spellcasting
 27962 | Lair:2   | Found a snail-covered altar of Cheibriados.
 28137 | Lair:2   | Found a runed translucent gate.
 28138 | Lair:2   | Found a runed translucent gate.
 28138 | Lair:2   | Found a runed translucent gate.
 28139 | Lair:2   | Noticed Flure's ghost (journeyman HuNe)
 28263 | Lair:2   | Found a staircase to the Swamp.
 29365 | Lair:3   | Found a staircase to the Snake Pit.
 29440 | Lair:3   | Reached skill level 10 in Dodging
 29440 | Lair:3   | Reached XP level 14. HP: 86/106 MP: 6/28
 30064 | Lair:3   | Identified 2 scrolls of acquirement
 30065 | Lair:3   | Acquired an Everburning Encyclopedia
 30066 | Lair:3   | Acquired Nucasuoss's Grimoire of Battle Magic
 30073 | Lair:3   | Learned a level 4 spell: Hailstorm
 30078 | Lair:3   | Learned a level 4 spell: Sticky Flame
 30611 | Lair:4   | Reached skill level 10 in Stealth
 30800 | Lair:4   | Identified the +2 hand axe of Montiger {freeze, Str+2
                  | Int+3}
 31950 | Lair:4   | Learned a level 1 spell: Slow
 31953 | Lair:4   | Learned a level 2 spell: Ensorcelled Hibernation
 32008 | Lair:5   | Reached skill level 10 in Invocations
 32295 | Lair:5   | Found a dark tunnel.
 32705 | Lair:6   | Entered Level 6 of the Lair of Beasts
 33782 | Lair:6   | Identified the ring of Cuekhlaq {rPois rCorr}
 33841 | Lair:6   | Found a viscous altar of Jiyva.
 33842 | Lair:6   | Found a staircase to the Slime Pits.
 35328 | Lair:6   | Noticed Kirke
 35937 | Lair:6   | Noticed a sphinx
 35939 | Lair:6   | HP: 5/108 [Kirke/staff of poison (24)]
 35951 | Lair:6   | HP: 2/108 [sphinx/divine providence[Kirke] (14)]
 37428 | Lair:6   | Noticed a dire elephant
 37968 | Lair:6   | Noticed a sphinx
 37968 | Lair:6   | Killed Kirke
 39036 | D:12     | Killed Maurice
 39037 | D:12     | Reached XP level 15. HP: 115/115 MP: 2/29
 39337 | D:13     | Found a portal to a secret trove of treasure.
 40614 | D:14     | Reached skill level 10 in Air Magic
 40719 | D:14     | Found a gate to the Vaults.
 41654 | D:15     | Entered Level 15 of the Dungeon
 41752 | D:15     | Reached skill level 10 in Fighting
 41752 | D:15     | Reached skill level 10 in Short Blades
 41752 | D:15     | Reached skill level 10 in Long Blades
 41752 | D:15     | Reached skill level 10 in Axes
 41752 | D:15     | Reached skill level 10 in Maces & Flails
 41752 | D:15     | Reached skill level 10 in Polearms
 41752 | D:15     | Reached skill level 10 in Staves
 41752 | D:15     | Reached skill level 10 in Slings
 41752 | D:15     | Reached skill level 10 in Bows
 41752 | D:15     | Reached skill level 10 in Crossbows
 41752 | D:15     | Reached skill level 10 in Throwing
 41752 | D:15     | Reached skill level 10 in Armour
 41752 | D:15     | Reached skill level 10 in Shields
 41752 | D:15     | Reached skill level 10 in Unarmed Combat
 41752 | D:15     | Reached skill level 10 in Evocations
 41789 | D:15     | Identified Roxanne's Reference Book on Clay
 41789 | D:15     | Noticed Roxanne
 42256 | D:15     | Found a staircase to the Depths.
 45577 | D:15     | Noticed a tentacled starspawn
 45587 | D:15     | Killed a tentacled starspawn
 45883 | D:15     | Found a corrupted altar of Lugonu.
 45884 | D:15     | Found a one-way gate to the infinite horrors of the Abyss.
 45895 | D:15     | Noticed a tentacled starspawn
 46569 | D:15     | Killed a tentacled starspawn
 47299 | D:15     | Found a corrupted altar of Lugonu.
 47608 | D:15     | Found the +8 demon trident "Rift" {distort, reach+}
 47948 | D:8      | Killed duchin's ghost
 48472 | Slime:1  | Entered Level 1 of the Pits of Slime
 48645 | Swamp:1  | Entered Level 1 of the Swamp
 51437 | Orc:2    | Found Cob Jexiulu's Antique Weapon Shoppe.
 51503 | Orc:2    | Found Alo Ar Exu's Book Shoppe.
 51550 | Orc:2    | Reached XP level 16. HP: 118/123 MP: 2/31
 51863 | Orc:2    | Found Mifeq's Antique Armour Emporium.
 51948 | Orc:2    | Found Xikioges's General Store.
 51956 | Orc:2    | Bought a scroll of identify for 36 gold pieces
 52460 | Orc:1    | Noticed Sonja
 52462 | Orc:1    | Killed Sonja
 52987 | Elf:1    | Entered Level 1 of the Elven Halls
 53175 | Orc:2    | Learned a level 5 spell: Freezing Cloud
 54769 | Elf:1    | Paralysed by an air elemental for 1 turns
 54771 | Elf:1    | Paralysed by an air elemental for 1 turns
 54773 | Elf:1    | Paralysed by an air elemental for 1 turns
 54779 | Elf:1    | Paralysed by an air elemental for 1 turns
 54782 | Elf:1    | Paralysed by an air elemental for 1 turns
 54784 | Elf:1    | HP: 6/124 [air elemental (4)]
 54785 | Elf:1    | Paralysed by an air elemental for 1 turns
 54785 | Elf:1    | Killed from afar by an air elemental

Illustrated notes

Levels and vault maps discovered:
D:1:      dpeg_arrival_pits, layout_rooms
D:2:      layout_basic, minmay_indecisive_spiral
D:3:      layout_basic, uniq_grinder
D:4:      layout_basic, minmay_temple_entry_mini_moons, uniq_natasha
D:5:      layout_basic, uniq_menkaure
D:6:      layout_loops_cross, amcnicky_mini_rare_corridor_liquid, st_stairs_1,
          nicolae_elemental_shop, uniq_blork_the_orc
D:7:      layout_basic, serial_shops, shop, nicolae_figureground_sparkle
D:8:      nicolae_BIG_FREAKIN_CUBE, layout_rooms, lair_entry_dummy,
          gammafunk_ghost_spectres, minmay_fire_ice_demons, uniq_harold
D:9:      layout_roguey, nicolae_vehumet_altar_sigil, uniq_prince_ribbit1,
          uniq_joseph, uniq_gastronok
D:10:     layout_basic, david_orc_2, hellmonk_scale_shop
D:11:     hangedman_cross_cluster, layout_cave_pods, minmay_starry_boxes
D:12:     layout_cave_pods, serial_shops, nicolae_shop_advertising_works
          [nicolae_subvault_shop_adworks], uniq_jorgrun
D:13:     layout_basic, nicolae_trove_entry_isolated, wad_floor_pattern_2,
          uniq_maurice
D:14:     layout_small_grid, erik_vaults_1, chequers_serial_rivers_small_3
D:15:     grunt_enter_depths_giant_problem, layout_rooms,
          hellmonk_guarded_unrand_rift, uniq_roxanne
Temple:   mainiacjoe_temple_circle_huts
Lair:1:   wander_river, layout_regular_city, nicolae_quartered_pool_little,
          grunt_forest_small_clearings
Lair:2:   layout_roguey, minmay_swamp_entry_reptiles, ebering_ghost_rock_garden,
          st_stairs_11, chequers_serial_rivers_small_3, minivault_26,
          kennysheep_snail_temple
Lair:3:   layout_cave_pods, minmay_snake_entry_six_corridors, lemuel_fruit_tree
Lair:4:   layout_misc_corridors
Lair:5:   layout_loops_ring, serial_rivers, chequers_serial_rivers_room_b,
          chequers_serial_rivers_room_a, chequers_serial_rivers_small_b,
          chequers_serial_rivers_micro_c, chequers_serial_rivers_small_a,
          nicolae_volcano_entry_two_sided
Lair:6:   grunt_lair_end_beastmaster, layout_regular_city, slime_altar_1,
          uniq_kirke
Swamp:1:  layout_basic_swamp, evilmike_swamp_ruin_house_6, uniq_frances
Slime:1:  layout_caves
Orc:1:    layout_caves, nooodl_orcs_dogs, uniq_sonja
Orc:2:    grunt_orc_gardens, layout_caves, grunt_orc_garden, grunt_orc_garden,
          grunt_orc_garden, grunt_orc_garden
Elf:1:    eino_elf_arrival_customs, layout_geoelf_grid, basic_altar,
          serial_shops, bzr_entry_gold, minmay_elf_demonology,
          grunt_megastairs_1

Skill      XL: |  1  2  3  4  5  6  7  8  9 10 11 12 13 14 15 16 |
---------------+-------------------------------------------------+-----
Conjurations   | 2 3 4 5 6 7 8 9 |  9.3
Fighting       | 1 2 3 4 5 6 7 8 9 10 | 10.8
Short Blades   | 1 2 3 4 5 6 7 8 9 10 | 10.8
Long Blades    | 1 2 3 4 5 6 7 8 9 10 | 10.8
Axes           | 1 2 3 4 5 6 7 8 9 10 | 10.8
Maces & Flails | 1 2 3 4 5 6 7 8 9 10 | 10.8
Polearms       | 1 2 3 4 5 6 7 8 9 10 | 10.8
Staves         | 1 2 3 4 5 6 7 8 9 10 | 10.8
Slings         | 1 2 3 4 5 6 7 8 9 10 | 10.8
Bows           | 1 2 3 4 5 6 7 8 9 10 | 10.8
Crossbows      | 1 2 3 4 5 6 7 8 9 10 | 10.8
Throwing       | 1 2 3 4 5 6 7 8 9 10 | 10.8
Armour         | 1 2 3 4 5 6 7 8 9 10 | 10.8
Shields        | 1 2 3 4 5 6 7 8 9 10 | 10.8
Unarmed Combat | 1 2 3 4 5 6 7 8 9 10 | 10.8
Spellcasting   | 5 6 7 8 9 10 11 | 11.8
Hexes          | 1 2 3 4 5 6 7 8 9 |  9.1
Summonings     | 1 2 3 4 5 6 7 8 9 |  9.1
Necromancy     | 1 2 3 4 5 6 7 8 9 |  9.1
Translocations | 1 2 3 4 5 6 7 8 9 |  9.4
Transmutations | 1 2 3 4 5 6 7 8 9 |  9.1
Fire Magic     | 1 2 3 4 5 6 7 8 9 |  9.1
Ice Magic      | 1 2 3 4 5 6 7 8 9 |  9.1
Earth Magic    | 1 2 3 4 5 6 7 8 9 |  9.1
Poison Magic   | 1 2 3 4 5 6 7 8 9 |  9.1
Invocations    | 1 2 3 4 5 6 7 8 9 10 11 | 11.7
Evocations     | 1 2 3 4 5 6 7 8 9 10 | 10.8
Dodging        | 5 6 7 8 9 10 11 | 11.7
Stealth        | 5 6 7 8 9 10 11 | 11.5
Air Magic      | 6 7 8 9 10 | 10.6

Action                   |  1- 3 |  4- 6 |  7- 9 | 10-12 | 13-15 | 16-18 || total
-------------------------+-------+-------+-------+-------+-------+-------++-------
Melee: Dagger            |       |       |    10 |   112 |   572 |    20 ||   714
       Bite              |       |       |     2 |    24 |    90 |     4 ||   120
       Punch             |       |       |       |    11 |       |       ||    11
       Unarmed           |       |       |       |       |     8 |       ||     8
       Hand axe          |       |       |       |       |       |    10 ||    10
 Fire: Hunting sling     |     6 |    89 |   258 |       |       |       ||   353
 Cast: Shock             |    35 |     6 |    20 |   114 |   169 |    18 ||   362
       Airstrike         |       |       |    10 |   288 |   609 |    79 ||   986
       Static Discharge  |       |       |     6 |     3 |     5 |     1 ||    15
       Swiftness         |       |       |       |     2 |     3 |     1 ||     6
       Summon Ice Beast  |       |       |       |    10 |    59 |     4 ||    73
       Frozen Ramparts   |       |       |       |     1 |    15 |     1 ||    17
       Slow              |       |       |       |       |     4 |       ||     4
       Sticky Flame      |       |       |       |       |     4 |       ||     4
       Ensorcelled Hiber |       |       |       |       |     1 |       ||     1
       Hailstorm         |       |       |       |       |     5 |     1 ||     6
Evoke: Wand              |       |       |       |     2 |     3 |       ||     5
  Use: Scroll            |       |       |     6 |    11 |     6 |     2 ||    25
       Potion            |       |       |       |     1 |       |     5 ||     6
 Stab: Distracted        |       |       |       |       |     4 |       ||     4
       Sleeping          |       |       |       |       |     1 |       ||     1
Armor: Robe              |       |     5 |    19 |    68 |   196 |    22 ||   310
Dodge: Dodged            |       |    11 |    78 |   214 |   407 |    52 ||   762
Block: Buckler           |       |       |       |     5 |   208 |    26 ||   239
